 Seeded DCSS version 0.30.1-11-g7821555f0a (webtiles) character file.

Game seed: 5 (custom seed)

101684 Kazon the Blocker (level 16, 0/81 HPs)
             Began as a Vine Stalker Fighter on Dec 23, 2023.
             Was a High Priest of Okawaru.
             Slain by Donald
             ... wielding a +2 scimitar of holy wrath
              (6 damage)
             ... on level 1 of the Snake Pit on Jan 3, 2024.
             The game lasted 02:23:28 (20125 turns).

Kazon the Blocker (Vine Stalker Fighter)           Turns: 20125, Time: 02:23:28

Health: 0/81       AC: 50    Str: 24    XL:     16   Next: 31%
Magic:  0/26       EV:  9    Int:  8    God:    Okawaru [*****.]
Gold:   1941       SH: 23    Dex: 23    Spells: 15/15 levels left

rFire   + . .        v - +0 war axe (vamp)
rCold   + . .        c - +1 tower shield {AC+3}
rNeg    . . .        w - +10 crystal plate armour of Lies {rElec Will- Dex+3}
rPois   +            Y - +0 helmet of Okawaru's Grace {+Blink}
rElec   +            e - scarf {rC+ rF+}
rCorr   .            F - +2 pair of gloves {Str+3}
SInv    .            x - +0 pair of boots
Will    +....        R - amulet of regeneration Stlth
                     o - ring of the Tortoise {AC+8}
HPRegen 1.93/turn    A - ring of poison resistance
MPRegen 0.20/turn

%: guardian spirit
@: heroic, finesse-ful
A: fangs 3, regeneration 1, magic shield, antimagic bite, no potion heal 2
a: Renounce Religion, Evoke Blink, Heroism, Finesse, Duel


You were on level 1 of the Snake Pit.
You worshipped Okawaru.
Okawaru was extremely pleased with you.
You visited 5 branches of the dungeon, and saw 23 of its levels.
You also visited: Ossuary and Ice Cave.

You collected 2940 gold pieces.
You spent 999 gold pieces at shops.

Inventory:

Hand Weapons
 f - a +1 hand axe of flaming
 h - the +10 zealot's sword {holy, Zealotry, *Rage rN+ EV+3}
   (You found it on level 3 of the Lair of Beasts)

   Zealotry:  Whenever the wielder enters a berserk rage, their allies are
   berserked alongside them.
   EV:        It affects your evasion (+3).
   rN:        It protects you from negative energy.
   *Rage:     It berserks you when you make melee attacks (+20% chance).
 p - a +2 demon blade of venom
 v - a +0 vampiric war axe (weapon)
Missiles
 a - 6 atropa-tipped darts (quivered)
 j - 17 boomerangs
 k - 2 throwing nets
 u - 12 poisoned darts
 K - 3 boomerangs of dispersal
 Q - 2 datura-tipped darts
 U - 8 javelins
Armour
 c - a +1 tower shield of protection (worn)
 e - a scarf of resistance (worn)
 w - the +10 crystal plate armour of Lies (worn) {rElec Will- Dex+3}
   (You acquired it on level 1 of the Dungeon)

   Dex:       It affects your dexterity (+3).
   rElec:     It insulates you from electricity.
   Will:      It decreases your willpower.
 x - a +0 pair of boots (worn)
 F - a +2 pair of gloves of strength (worn)
 Y - the +0 helmet of Okawaru's Grace (worn) {+Blink}
   (Okawaru gifted it to you on level 4 of the Lair of Beasts)

   +Blink:    It lets you blink.
Jewellery
 o - the ring of the Tortoise (left hand) {AC+8}
   (You found it in an ice cave)

   [ring of protection]

   AC:        It affects your AC (+8).
 A - a ring of poison resistance (right hand)
 L - a +4 ring of slaying
 O - a ring of protection from fire
 R - an amulet of regeneration (around neck)
Wands
 n - a wand of light (13)
 z - a wand of paralysis (24)
 B - a wand of polymorph (2)
 M - a wand of flame (25)
 P - a wand of digging (7)
 Z - a wand of iceblast (5)
Scrolls
 b - a scroll of poison
 t - 9 scrolls of teleportation
 y - 3 scrolls of fog
 G - a scroll of magic mapping
 I - 3 scrolls of fear
 T - a scroll of silence
 W - 4 scrolls of blinking
Potions
 d - 4 potions of might
 g - 2 potions of resistance
 i - 4 potions of invisibility {unknown}
 m - 3 potions of magic {unknown}
 s - 7 potions of flight
 D - 3 potions of lignification
 E - 7 potions of attraction {unknown}
 H - 2 potions of berserk rage
 J - a potion of haste
 N - 4 potions of cancellation
 X - 14 potions of curing
Miscellaneous
 l - a lightning rod (4/4)
 V - a phial of floods


   Skills:
 + Level 8.3(13.3) Fighting
 + Level 3.8(11.8) Short Blades
 + Level 8.7(14.1) Long Blades
 + Level 9.5(14.6) Axes
 + Level 1.3(11.1) Maces & Flails
 + Level 7.4(12.4) Throwing
 + Level 8.1(13.1) Armour
 + Level 3.9(8.9) Dodging
 + Level 4.4(9.4) Stealth
 + Level 12.3(17.3) Shields
 * Level 12.1 Invocations
 + Level 8.1 Evocations


You had 15 spell levels left.
You didn't know any spells.
Your spell library contained the following spells:

 Spells                   Type           Power      Damage    Failure   Level
 Foxfire                  Conj/Fire      0%         2x1d4     100%        1
 Necrotise                Necr           0%         1d4       100%        1
 Ensorcelled Hibernation  Hex/Ice        0%         N/A       100%        2
 Passwall                 Tmut/Erth      0%         N/A       100%        2
 Static Discharge         Conj/Air       0%         2-2/arc   100%        2
 Frozen Ramparts          Ice            0%         1d1       100%        3
 Hailstorm                Conj/Ice       0%         3d3       100%        3
 Ignite Poison            Fire/Tmut/Pois 0%         N/A       100%        3
 Swiftness                Air            0%         N/A       100%        3
 Vampiric Draining        Necr           0%         2d6       100%        3
 Airstrike                Air            0%         2d(0-16)  100%        4
 Ice Form                 Ice/Tmut       0%         N/A       100%        4
 Leda's Liquefaction      Hex/Erth       0%         N/A       100%        4
 Sticky Flame             Conj/Fire      0%         2d3       100%        4
 Agony                    Necr           0%         N/A       100%        5
 Alistair's Intoxication  Tmut/Pois      0%         N/A       100%        5
 Blade Hands              Tmut           0%         N/A       100%        5
 Borgnjor's Vile Clutch   Necr/Erth      0%         N/A       100%        5
 Fireball                 Conj/Fire      0%         3d3       100%        5
 Lee's Rapid Deconstruct  Erth           0%         3d4*      100%        5
 Conjure Ball Lightning   Conj/Air       0%         3x3d6     100%        6
 Eringya's Noxious Bog    Tmut/Pois      0%         N/A       100%        6
 Plasma Beam              Fire/Air       0%         2x1d11    100%        6
 Starburst                Conj/Fire      0%         6d3       100%        6
 Statue Form              Tmut/Erth      0%         N/A       100%        6
 Discord                  Hex            0%         N/A       100%        8
 Disjunction              Tloc           0%         N/A       100%        8
 Ignition                 Fire           0%         3d3       100%        8
 Summon Ice Beast         Ice/Summ       Unusable   N/A       N/A         4
 Summon Lightning Spire   Summ/Air       Unusable   N/A       N/A         4
 Summon Forest            Summ/Tloc      Unusable   N/A       N/A         5
 Simulacrum               Ice/Necr       Unusable   N/A       N/A         6
 Summon Hydra             Summ           Unusable   N/A       N/A         7

Dungeon Overview and Level Annotations

Branches:
Dungeon (14/15)            Temple (1/1) D:4            Lair (5/5) D:8
  Swamp (0/4) Lair:3        Snake (1/4) Lair:3        Slime (0/5) Lair:5
    Orc (2/2) D:11            Elf (0/3) Orc:2       Ossuary (visited)
  IceCv (visited)
 Vaults: D:13-14

Altars:
Dithmenos
Fedhas
Gozag
Hepliaklqana
Okawaru
Qazlal
Sif Muna
Trog
Uskayaw
Wu Jian
Xom
Zin
The Shining One

Shops:
D:8 *   Orc:2 [(**   Snake:1 (![

Annotations:
Snake:1 Donald


Innate Abilities, Weirdness & Mutations

You have razor-sharp teeth.
Your natural rate of healing is unusually fast.
When hurt, damage is shared between your health and your magic reserves.
Your bite disrupts and absorbs the magic of your enemies.
Potions cannot restore your health.


Message History

Donald is heavily wounded.
You block Donald's attack.
You catch the helpless Donald completely off-guard!
You hit Donald. Your bite misses Donald.
Donald is heavily wounded.
Donald gestures wildly while chanting.
Donald seems to grow stronger.
You hit Donald. You bite Donald.
Donald's magic leaks into the air.
You drain his magic.
Donald is heavily wounded.
You block Donald's attack. x2
Donald blocks your attack.
You bite Donald, but do no damage.
Donald is heavily wounded.
Donald hits you with a +2 scimitar of holy wrath!
You completely miss Donald.
Donald is heavily wounded.
Donald hits you but does no damage.
You barely miss Donald.
Donald is heavily wounded.
You block Donald's attack.
Donald hits you with a +2 scimitar of holy wrath!
You strike the helpless Donald from behind!
You hit Donald but do no damage.
Donald is heavily wounded.
Donald is no longer blind.
You block Donald's attack.
You hit Donald but do no damage.
Donald is heavily wounded.
You block Donald's attack. Donald blocks your attack.
Your bite misses Donald.
Donald is heavily wounded.
Donald sighs.
Donald hits you with a +2 scimitar of holy wrath!!
Donald says, "My hands hurt, too."
Donald hits you with a +2 scimitar of holy wrath!
You can now deal lightning-fast blows.
Donald hits you with a +2 scimitar of holy wrath!!!
* * * LOW HITPOINT WARNING * * *
Donald says, "Okawaru's gifts are murder."
Donald hits you with a +2 scimitar of holy wrath.
You die...

#########################
....##...................
....##...........@.......
....##..........@........
....##...........(.......
....##...................
######...................
######.............######
....##............##
.......#####......#
.......#####......#
...._.....##......#


You could see Donald (fast, strong, magic disrupted, reflecting).

Vanquished Creatures
  Nikola (Snake:1)
  Rupert (D:12)
  The ghost of Gocli Elad the Warrior, a journeyman OgCA of Ignis (D:14)
  A white draconian (IceCv)
  Snorg (D:10)
  Josephine (Orc:1)
  A rakshasa (D:14)
  6 hydras
  5 ogre magi
  4 centaur warriors
  A death knight (D:14)
  12 two-headed ogres
  2 anacondas (Snake:1)
  2 naga warriors (Snake:1)
  A dancing weapon (D:14)
  3 boulder beetles
  3 death yaks (Lair:2)
  A tengu warrior (D:11)
  2 naga sharpshooters (Snake:1)
  2 shock serpents (Snake:1)
  A skyshark (Lair:4)
  Amaemon (Lair:2)
  A fire crab (shapeshifter) (D:14)
  3 skeletal warriors (D:14)
  A naga ritualist (Snake:1)
  4 deep elf pyromancers
  An orc knight (D:12)
  An orc sorcerer (Orc:1)
  11 ugly things
  3 mana vipers (Snake:1)
  2 manticores
  5 cyclopes
  12 elephants
  5 salamanders (Snake:1)
  Maurice (D:9)
  13 black mambas
  15 cane toads
  A naga mage (Snake:1)
  3 gargoyles
  An orange demon (Lair:2)
  An efreet (D:13)
  An unseen horror (D:10)
  10 komodo dragons
  4 rime drakes (IceCv)
  A tengu conjurer (D:14)
  5 trolls
  3 meliai (D:14)
  A meliai (shapeshifter) (D:13)
  8 polar bears
  A dream sheep (Lair:5)
  7 hornets
  5 blink frogs
  A slime creature (D:12)
  A culicivora (shapeshifter) (D:12)
  4 shadows
  3 vampires
  12 spriggans (Lair:5)
  Sigmund (D:4)
  A water elemental (D:12)
  4 wraiths
  8 wyverns
  25 yaks
  7 basilisks
  A human (shapeshifter) (D:14)
  A fire bat (shapeshifter) (D:14)
  3 steam dragons
  2 vampire mosquitoes (D:10)
  2 wargs
  8 nagas (Snake:1)
  2 swamp worms (Lair:3)
  Duvessa (D:6)
  17 water moccasins
  An ice beast (D:8)
  8 orc warriors
  A sky beast (D:7)
  7 black bears
  46 wolves
  9 centaurs
  28 ogres
  4 boggarts (Lair:5)
  A phantom (D:11)
  An elf zombie (Ossuary)
  3 kobold brigands
  12 bullfrogs
  A gnoll sergeant (D:8)
  3 scorpions
  23 wights
  A troll zombie (D:11)
  12 killer bees
  Dowan (D:6)
  4 lindwurm simulacra (IceCv)
  5 howler monkeys
  A vampire bat (D:7)
  3 electric eels
  3 komodo dragon simulacra (IceCv)
  A wyvern simulacrum (D:8)
  A centaur zombie (Ossuary)
  6 hounds
  16 orc priests
  3 human zombies (Ossuary)
  A jelly (D:5)
  6 iguanas
  18 orc wizards
  11 ogre zombies
  A centaur simulacrum (D:8)
  7 mummies (Ossuary)
  15 gnolls
  5 acid dragon simulacra (IceCv)
  9 adders
  A shadow imp (D:8)
  13 white imps
  2 ufetubi
  9 steam dragon simulacra (IceCv)
  A worm zombie (D:7)
  2 adder zombies (Ossuary)
  3 worms
  54 orcs
  12 bats
  9 endoplasms
  A giant cockroach (D:1)
  12 goblins
  7 hobgoblins
  11 jackals
  22 kobolds
  3 quokkas (D:4)
  6 ball pythons
  3 frilled lizards
  A goblin skeleton (D:11)
  7 goblin zombies
  2 hobgoblin skeletons (D:11)
  10 hobgoblin zombies
  3 kobold zombies
  15 orc zombies (D:11)
  4 quokka zombies (Ossuary)
  4 rats
  4 rat zombies (Ossuary)
786 creatures vanquished.

Vanquished Creatures (others)
  A guardian serpent (Snake:1)
  A naga (Snake:1)
  An orc priest (Orc:1)
  2 orc wizards
5 creatures vanquished.

Grand Total: 791 creatures vanquished

Notes
Turn   | Place    | Note
-------+----------+-------------------------------------------
     0 | D:1      | Kazon the Vine Stalker Fighter began the quest for the Orb.
     0 | D:1      | Reached XP level 1. HP: 11/11 MP: 2/2
    43 | D:1      | Identified a scroll of acquirement
    43 | D:1      | Acquired the +10 crystal plate armour of Lies {rElec Will-
                  | Dex+3}
    71 | D:1      | Reached XP level 2. HP: 15/16 MP: 3/3
   317 | D:1      | Reached XP level 3. HP: 20/20 MP: 4/4
  1062 | D:2      | Gained mutation: Your natural rate of healing is unusually
                  | fast. [Vine Stalker growth]
  1062 | D:2      | Reached XP level 4. HP: 24/24 MP: 5/5
  1641 | D:3      | Found a blossoming altar of Fedhas.
  1649 | D:3      | Reached skill level 1 in Axes
  1701 | D:3      | Reached skill level 1 in Throwing
  1701 | D:3      | Reached XP level 5. HP: 28/28 MP: 6/6
  1856 | D:3      | Found a stormy altar of Qazlal.
  1951 | D:3      | Found a faded altar of an unknown god.
  2043 | D:3      | Identified the +2 sling "Qeuhanocyt" {speed, rElec Str-3
                  | Dex+2}
  2089 | D:4      | Found a staircase to the Ecumenical Temple.
  2097 | Temple   | Entered the Ecumenical Temple
  2111 | Temple   | Became a worshipper of Warmaster Okawaru
  2154 | D:4      | Noticed a black bear
  2179 | D:4      | Killed a black bear
  2204 | D:4      | Noticed Sigmund
  2225 | D:4      | Killed Sigmund
  2225 | D:4      | Reached * piety under Okawaru
  2226 | D:4      | Reached skill level 1 in Invocations
  2226 | D:4      | Reached XP level 6. HP: 32/32 MP: 8/8
  2268 | D:4      | Found a hazy altar of Hepliaklqana.
  2270 | D:4      | Found a shadowy altar of Dithmenos.
  2271 | D:4      | Noticed a shadow
  2317 | D:4      | Noticed a black bear
  2327 | D:4      | Killed a black bear
  2328 | D:4      | Reached skill level 1 in Short Blades
  2328 | D:4      | Reached XP level 7. HP: 36/36 MP: 9/9
  2910 | D:5      | Entered Level 5 of the Dungeon
  2927 | D:4      | Reached skill level 1 in Evocations
  3172 | D:5      | Gained mutation: You have razor-sharp teeth. [Vine Stalker
                  | growth]
  3172 | D:5      | Reached XP level 8. HP: 40/40 MP: 10/10
  3384 | D:6      | Noticed Dowan
  3385 | D:6      | Noticed Duvessa
  3400 | D:6      | Killed Duvessa
  3400 | D:6      | Reached ** piety under Okawaru
  3401 | D:6      | Reached skill level 5 in Shields
  3414 | D:6      | Killed Dowan
  3721 | D:6      | Found a shimmering altar of Xom.
  3959 | D:7      | Reached XP level 9. HP: 45/45 MP: 12/12
  4050 | D:7      | Reached *** piety under Okawaru
  4109 | D:7      | Noticed a two-headed ogre
  4123 | D:7      | Killed a two-headed ogre
  4124 | D:7      | Reached skill level 1 in Stealth
  4137 | D:7      | Found a sand-covered staircase.
  4155 | Ossuary  | Entered an ossuary
  4374 | Ossuary  | Reached **** piety under Okawaru
  4627 | D:7      | You fall into a shaft and drop 2 floors!
  4783 | D:8      | Reached skill level 5 in Throwing
  4789 | D:8      | Reached XP level 10. HP: 37/41 MP: 14/14
  4854 | D:8      | Reached skill level 5 in Invocations
  5559 | D:8      | Found a staircase to the Lair.
  5642 | D:8      | Reached ***** piety under Okawaru
  5642 | D:8      | Received a gift from Okawaru
  5732 | D:8      | Found Izo Qiri's Assorted Antiques.
  5741 | D:8      | Bought a scroll labelled JIYFIZX FOFUA for 29 gold pieces
  5741 | D:8      | Bought a sedimented brown potion for 26 gold pieces
  5741 | D:8      | Bought a curved iron wand for 116 gold pieces
  5909 | D:8      | Reached skill level 5 in Evocations
  5977 | D:8      | Reached XP level 11. HP: 54/54 MP: 16/16
  6109 | D:8      | Reached skill level 5 in Axes
  6118 | D:8      | Received a gift from Okawaru
  6943 | D:9      | Noticed Maurice
  6972 | D:9      | Killed Maurice
  6972 | D:9      | Received a gift from Okawaru
  7510 | D:10     | Entered Level 10 of the Dungeon
  7530 | D:10     | Noticed a two-headed ogre
  7545 | D:10     | Killed a two-headed ogre
  7545 | D:10     | Received a gift from Okawaru
  7592 | D:10     | Noticed Snorg
  7597 | D:10     | Killed Snorg
  7597 | D:10     | Received a gift from Okawaru
  7617 | D:10     | Found a shimmering blue altar of Sif Muna.
  7929 | D:10     | Reached skill level 5 in Fighting
  7966 | D:10     | Received a gift from Okawaru
  8238 | Lair:1   | Entered Level 1 of the Lair of Beasts
  8509 | Lair:1   | Reached XP level 12. HP: 60/60 MP: 18/18
  8673 | Lair:1   | Received a gift from Okawaru
  8921 | Lair:2   | Noticed Amaemon
  8936 | Lair:2   | Killed Amaemon
  8949 | Lair:2   | Received a gift from Okawaru
  8966 | Lair:2   | Noticed a death yak
  8966 | Lair:2   | Noticed a death yak
  8967 | Lair:2   | Noticed a death yak
  8989 | Lair:2   | Killed a death yak
  9003 | Lair:2   | Killed a death yak
  9023 | Lair:2   | Killed a death yak
  9023 | Lair:2   | Received a gift from Okawaru
  9105 | Lair:2   | Noticed a five-headed hydra
  9118 | Lair:2   | Killed a one-headed hydra
  9519 | Lair:2   | Found an ornate altar of the Wu Jian Council.
  9757 | Lair:2   | Reached skill level 10 in Shields
 10000 | Lair:3   | Found a staircase to the Swamp.
 10023 | Lair:3   | Found the +10 zealot's sword {holy, Zealotry, *Rage rN+
                  | EV+3}
 10179 | Lair:3   | Noticed a boulder beetle
 10188 | Lair:3   | Killed a boulder beetle
 10189 | Lair:3   | Reached XP level 13. HP: 62/65 MP: 20/20
 10204 | Lair:3   | Found a staircase to the Snake Pit.
 10214 | Lair:3   | Received a gift from Okawaru
 10889 | D:10     | Reached skill level 5 in Armour
 11210 | D:12     | Found a frozen archway.
 11233 | IceCv    | Entered an ice cave
 11298 | IceCv    | Found the ring of the Tortoise {AC+8}
 11432 | IceCv    | Noticed a white draconian
 11457 | IceCv    | Killed a white draconian
 11457 | IceCv    | Identified the +5 demon trident of Defilement {heavy, rPois
                  | Dex+3 Stlth-} (Okawaru gifted it to you in an ice cave)
 11457 | IceCv    | Received a gift from Okawaru
 11485 | IceCv    | Identified the ring of Omumul {*Corrode rC+ Int+5 Dex+2
                  | Stlth+}
 11625 | D:12     | Reached skill level 5 in Long Blades
 11786 | D:12     | Reached ****** piety under Okawaru
 11842 | D:12     | Noticed Rupert
 11849 | D:12     | Paralysed by Rupert for 3 turns
 11858 | D:12     | Killed Rupert
 11858 | D:12     | Received a gift from Okawaru
 12397 | D:12     | Identified the +5 ring mail of Trumpets {+Blink rN+ Str+6
                  | Int-2} (Okawaru gifted it to you on level 12 of the
                  | Dungeon)
 12397 | D:12     | Received a gift from Okawaru
 12736 | D:13     | Got the Verses on Mutagenic Frost
 12836 | D:14     | Found a runed translucent door.
 12837 | D:14     | Found a shimmering altar of Xom.
 12837 | D:14     | Noticed Gocli Elad's ghost (journeyman OgCA)
 12861 | D:14     | Killed Gocli Elad's ghost
 12864 | D:14     | Reached XP level 14. HP: 70/70 MP: 22/22
 13207 | D:11     | Found a staircase to the Orcish Mines.
 13266 | D:11     | Reached skill level 10 in Invocations
 13283 | D:11     | Reached skill level 1 in Dodging
 14329 | Lair:4   | Reached skill level 1 in Maces & Flails
 14628 | Lair:4   | You fall into a shaft and drop 1 floor!
 14628 | Lair:5   | Entered Level 5 of the Lair of Beasts
 15000 | Lair:4   | Identified the +0 helmet of Okawaru's Grace {+Blink}
                  | (Okawaru gifted it to you on level 4 of the Lair of Beasts)
 15000 | Lair:4   | Received a gift from Okawaru
 15502 | Lair:5   | Found a staircase to the Slime Pits.
 15866 | Lair:5   | Reached XP level 15. HP: 73/75 MP: 22/24
 16426 | Orc:1    | Entered Level 1 of the Orcish Mines
 16701 | Orc:2    | Entered Level 2 of the Orcish Mines
 16701 | Orc:2    | Noticed Josephine
 16714 | Orc:1    | Received a gift from Okawaru
 16714 | Orc:1    | Found the +15 Maxwell's patent armour {-Cast -Tele rElec
                  | Will+ rCorr}
 17022 | Orc:1    | Killed Josephine
 17483 | Orc:2    | Found a staircase to the Elven Halls.
 17590 | Orc:2    | Found Jigu's Antique Armour Emporium.
 17590 | Orc:2    | Found Itoejit's Antique Weapon Shop.
 17591 | Orc:2    | Found Fiots's General Store.
 17591 | Orc:2    | Found Lifoc's Assorted Antiques.
 17605 | Orc:2    | Bought a pair of glowing gloves for 187 gold pieces
 17650 | Orc:2    | Bought a wand of paralysis (2) for 196 gold pieces
 17650 | Orc:2    | Bought 2 smoky red potions for 73 gold pieces
 17650 | Orc:2    | Bought an inky potion for 36 gold pieces
 17651 | Orc:2    | Bought a scroll of enchant weapon for 112 gold pieces
 17651 | Orc:2    | Bought a scroll of magic mapping for 112 gold pieces
 17651 | Orc:2    | Bought a scroll of enchant weapon for 112 gold pieces
 17989 | D:13     | Identified the +1 robe of the Marlin {-Tele rN+ Dex+3}
 18338 | D:13     | Received a gift from Okawaru
 18505 | D:14     | Found a hide-covered altar of Uskayaw.
 18780 | D:14     | Identified the +0 hat of Tijuom {Stlth+} (Okawaru gifted it
                  | to you on level 14 of the Dungeon)
 18780 | D:14     | Received a gift from Okawaru
 19312 | Snake:1  | Entered Level 1 of the Snake Pit
 19335 | Snake:1  | Identified the ring of Enowk {Ice Int+5}
 19493 | Snake:1  | Reached XP level 16. HP: 81/81 MP: 25/25
 19731 | Snake:1  | Found Suyxaint's Antique Weapon Shoppe.
 19735 | Snake:1  | Found Cymmoo's Distillery.
 19736 | Snake:1  | Found Ygoulout's Armour Shoppe.
 19837 | Snake:1  | Found a glowing silver altar of Zin.
 20060 | Snake:1  | Noticed Nikola
 20087 | Snake:1  | Killed Nikola
 20103 | Snake:1  | Noticed Donald
 20124 | Snake:1  | HP: 4/81 [Donald/+2 scimitar of holy wrath (31)]
 20125 | Snake:1  | Slain by Donald

Illustrated notes

Levels and vault maps discovered:
D:1:      ebering_trefoil_3fold, layout_basic, st_stairs_14, serial_bayou_ford_a
D:2:      layout_basic, hangedman_decor_growths, minmay_close_crescents
D:3:      layout_rooms, mainiacjoe_overflow_concentric_impassable,
          mainiacjoe_overflow_paths, shapermc_ecumenical_altar_acropolis,
          chequers_serial_rivers_micro_b
D:4:      layout_basic, riverfiend_overflow_shadow_ancestor,
          minmay_temple_entry_glass, uniq_sigmund
D:5:      layout_gridville
D:6:      layout_basic, xom_teletrap_fun, uniq_duvessa
D:7:      layout_loops_ring, enter_ossuary_3, roderic_batcave
D:8:      layout_layer_cave, minmay_lair_entry_grove, serial_shops,
          nicolae_lakefront_shop, serial_ice, serial_ice_o, serial_ice_d,
          serial_ice_k, serial_ice_a
D:9:      layout_loops_ring, nicolae_wwwww, uniq_maurice
D:10:     layout_irregular_city, led_sif_pool, uniq_snorg
D:11:     layout_basic, zombieorc2_lemuel, chequers_garden
D:12:     layout_basic, portal_ice_cave_entry_imps,
          chequers_serial_rivers_micro_e, minivault_28, uniq_rupert
D:13:     layout_basic, lightli_vaults_fourway_checkpoint, serial_corexii_hall,
          chequers_hall_statues_wall_a, chequers_hall_statues_wall_a
D:14:     layout_irregular_city, nicolae_uskayaw_dance_hall, ebering_ghost_xom,
          grunt_ministairs_12
Temple:   nicolae_temple_elliptical
Lair:1:   layout_big_grid, serial_bayou_pond_a
Lair:2:   layout_gridlike, basic_altar, uniq_amaemon
Lair:3:   layout_small_grid, swamp_mist, minmay_snake_entry_six_corridors,
          worms_lemuel, serial_bayou_shore_a
Lair:4:   layout_gridlike, nzn_random_ring, infiniplex_staircase_pool_2
Lair:5:   minmay_lair_end_enchanted_forest, layout_misc_corridors,
          dpeg_slime_entry_enclosed
Snake:1:  layout_grid_maze, basic_altar, nicolae_snake_guarding_the_ruins,
          minmay_shop_star, uniq_donald, uniq_nikola
Orc:1:    layout_caves, serial_shops, nicolae_orc_sculptors_studio
Orc:2:    st_orc_ogre_mass, layout_caves, basic_altar, nicolae_orc_tapped_out,
          uniq_josephine

Skill      XL: |  1  2  3  4  5  6  7  8  9 10 11 12 13 14 15 16 |
---------------+-------------------------------------------------+-----
Long Blades    | 2 4 6 7 8 |  8.7
Fighting       | 3 4 5 6 7 8 |  8.3
Shields        | 3 4 6 8 9 10 11 12 | 12.3
Axes           | 1 2 3 4 6 7 8 9 |  9.5
Throwing       | 1 2 3 5 6 7 |  7.4
Invocations    | 1 2 3 4 6 7 8 9 10 11 12 | 12.1
Short Blades   | 1 2 3 |  3.8
Armour         | 3 4 5 7 8 |  8.1
Evocations     | 1 2 3 5 6 7 8 |  8.1
Stealth        | 1 2 3 4 |  4.4
Dodging        | 2 3 |  3.9
Maces & Flails | 1 |  1.3

Action                     |  1- 3 |  4- 6 |  7- 9 | 10-12 | 13-15 | 16-18 || total
---------------------------+-------+-------+-------+-------+-------+-------++-------
  Melee: Long sword        |    66 |       |       |       |       |       ||    66
         Bite              |    15 |    38 |   201 |   364 |   523 |   101 ||  1242
         Hand axe          |    46 |    68 |   118 |   470 |    99 |       ||   801
         Dagger            |       |    71 |   447 |   136 |       |       ||   654
         War axe           |       |       |       |   221 |   341 |   215 ||   777
         Demon blade       |       |       |       |    70 |   619 |       ||   689
         Eudemon blade     |       |       |       |     5 |   203 |       ||   208
         Demon whip        |       |       |       |       |    55 |       ||    55
  Throw: Stone             |       |     7 |    15 |       |       |       ||    22
         Dart              |       |     3 |    16 |    16 |   141 |     7 ||   183
         Boomerang         |       |       |    44 |    85 |    55 |    21 ||   205
         Javelin           |       |       |       |     2 |    19 |       ||    21
 Invoke: Heroism           |       |       |     3 |    11 |     6 |     3 ||    23
         Finesse           |       |       |       |     4 |     4 |     3 ||    11
  Evoke: Wand              |       |       |     3 |     5 |    18 |       ||    26
    Use: Scroll            |     2 |       |     1 |     1 |    22 |       ||    26
         Potion            |       |       |     1 |     1 |       |       ||     2
   Stab: Paralysed         |       |       |     5 |     7 |       |       ||    12
         Invisible         |       |       |       |     5 |     1 |     4 ||    10
         Sleeping          |       |       |       |       |     4 |       ||     4
         Distracted        |       |       |       |       |     1 |       ||     1
 Armour: Scale mail        |     9 |       |       |       |       |       ||     9
         Crystal plate arm |    85 |    75 |   339 |   660 |   156 |   116 ||  1431
         Troll leather arm |       |       |       |    44 |   383 |       ||   427
  Dodge: Dodged            |    13 |     4 |     9 |    71 |   338 |    23 ||   458
  Block: Buckler           |     9 |       |       |       |       |       ||     9
         Tower shield      |    49 |   107 |   471 |   999 |  1287 |   197 ||  3110
